 Dungeon Crawl Stone Soup version 0.19.5 (webtiles) character file.

70466 Chifra the Fighter (level 14, -2/116 HPs)
             Began as a Demonspawn Gladiator on May 14, 2017.
             Was the Champion of Kikubaaqudgha.
             Slain by a deep elf knight
             ... wielding a +0 long sword
              (11 damage)
             ... on level 2 of the Elven Halls.
             The game lasted 01:34:18 (24448 turns).

Chifra the Fighter (Demonspawn Gladiator)          Turns: 24448, Time: 01:34:19

Health: -2/116     AC: 18    Str: 24    XL:     14   Next: 94%
Magic:  20/23      EV: 18    Int: 14    God:    Kikubaaqudgha [******]
Gold:   422        SH:  7    Dex: 14    Spells: 7 memorised, 2 levels left

rFire  + + +     SeeInvis .     C - +6 morningstar (protect)
rCold  + + .     Gourm    .     v - +5 ring mail
rNeg   + + +     Faith    .     G - +2 buckler {rN+}
rPois  +         Spirit   .     M - +2 hat
rElec  +         Reflect  .     B - +2 cloak
rCorr  +         Harm     .     N - +0 pair of gloves
MR     +++..                    (boots unavailable)
Stlth  ++........               F - macabre finger necklace {rN+}
                                k - ring of Joy {rCorr rPois rF++ Int-4 Stlth+}
                                E - ring of Camaobo {rElec rC+ rN+ MR+ Int+3}
                                l - ring of protection from magic

@: mighty, resistant, regenerating
A: claws 1, horns 2, talons 3, clever 1, powered by death 1, powered by pain 2,
strong 1
a: Receive Corpses, Torment, Brand Weapon With Pain, Receive Necronomicon,
Renounce Religion


You were on level 2 of the Elven Halls.
You worshipped Kikubaaqudgha.
Kikubaaqudgha was exalted by your worship.
You were not hungry.

You visited 4 branches of the dungeon, and saw 17 of its levels.
You also visited: Labyrinth and Ossuary.

You collected 1790 gold pieces.
You spent 1368 gold pieces at shops.

Inventory:

Hand Weapons
 C - a +6 morningstar of protection (weapon)
Missiles
 d - 2 throwing nets (quivered)
Armour
 q - a +2 leather armour of fire resistance
 v - a +5 ring mail (worn)
 B - a +2 cloak (worn)
 G - a +2 buckler of positive energy (worn)
 M - a +2 hat (worn)
 N - a +0 pair of gloves (worn)
Rods
 a - a +6 rod of inaccuracy (12/12)
   (You took it off a minotaur in a labyrinth)
Jewellery
 e - the ring "Tubbot" {rC+ Str+2}
   (You took it off a deep elf mage on level 1 of the Elven Halls)

   [ring of protection from cold]

   It affects your strength (+2).
   It protects you from cold.
 j - a +4 amulet of reflection
 k - the ring of Joy (right hand) {rCorr rPois rF++ Int-4 Stlth+}
   (You took it off a minotaur in a labyrinth)

   [ring of resist corrosion]

   It affects your intelligence (-4).
   It greatly protects you from fire.
   It protects you from poison.
   It makes you more stealthy.
 l - a ring of protection from magic (on amulet)
 y - an uncursed amulet of magic regeneration
 z - an uncursed amulet of regeneration
 E - the ring of Camaobo (left hand) {rElec rC+ rN+ MR+ Int+3}
   (You bought it in a shop on level 2 of the Orcish Mines)

   [ring of protection from magic]

   It affects your intelligence (+3).
   It protects you from cold.
   It insulates you from electricity.
   It protects you from negative energy.
   It affects your resistance to hostile enchantments.
 F - the macabre finger necklace (around neck) {rN+}
   (You bought it in a shop on level 2 of the Orcish Mines)

   [amulet of nothing]

   It protects you from negative energy.
Wands
 i - a wand of flame (29/48)
 O - a wand of disintegration (15/24)
Scrolls
 b - 2 scrolls of fog
 g - 3 scrolls of remove curse
 p - a scroll of magic mapping
 u - a scroll of enchant weapon
 w - 3 scrolls of amnesia
 D - 2 scrolls of recharging
Potions
 m - 6 potions of brilliance
 n - 2 potions of cancellation
 t - 2 potions of lignification
 A - a potion of magic
Books
 c - Kikubaaqudgha's Handbook of Evil
   (Kikubaaqudgha gifted it to you in an ossuary)

   Spells                             Type                      Level
   a - Animate Skeleton               Necromancy                   1
   b - Corpse Rot                     Necromancy                   2
   c - Sublimation of Blood           Necromancy                   2
   d - Regeneration                   Charms/Necromancy            3
   e - Control Undead                 Necromancy                   4
 L - Kikubaaqudgha's Papyrus of Evil Rites
   (Kikubaaqudgha gifted it to you on level 8 of the Dungeon)

   Spells                             Type                      Level
   a - Excruciating Wounds            Charms/Necromancy            5
   b - Bolt of Draining               Conjuration/Necromancy       5
   c - Agony                          Necromancy                   5
   d - Cigotuvi's Embrace             Necromancy                   5
   e - Dispel Undead                  Necromancy                   5
Comestibles
 f - 11 bread rations
 h - a meat ration
 s - 6 chunks of flesh
 x - 8 fruits
 H - 6 slices of pizza


   Skills:
 + Level 12.6 Fighting
 + Level 11.4 Maces & Flails
 - Level 1.7 Throwing
 + Level 6.8 Armour
 + Level 11.5 Dodging
 - Level 4.0 Shields
 - Level 5.0 Unarmed Combat
 + Level 6.0 Spellcasting
 + Level 3.5 Charms
 + Level 11.4 Necromancy


You had 2 spell levels left.
You knew the following spells:

 Your Spells              Type           Power        Failure   Level  Hunger
a - Animate Skeleton      Necr           N/A          1%          1    None
b - Corpse Rot            Necr           N/A          1%          2    #......
c - Regeneration          Chrm/Necr      ####......   4%          3    ###....
d - Agony                 Necr           #####...     10%         5    ######.
e - Dispel Undead         Necr           #####...     10%         5    ######.
f - Repel Missiles        Chrm/Air       #.....       21%         2    #......
g - Excruciating Wounds   Chrm/Necr      ####......   34%         5    ######.


Dungeon Overview and Level Annotations

Branches:
Dungeon (12/15)            Temple (1/1) D:5            Lair (0/6) D:8
    Orc (2/2) D:9             Elf (2/3) Orc:2

Altars:
Ashenzari
Cheibriados
Dithmenos
Fedhas
Gozag
Hepliaklqana
Kikubaaqudgha
Makhleb
Nemelex Xobeh
Okawaru
Qazlal
Ru
Sif Muna
Trog
Uskayaw
Vehumet
Zin

Shops:
Orc:2 =%%%   Elf:2 [


Innate Abilities, Weirdness & Mutations

You have sharp fingernails.
You have a pair of horns on your head.
You have claws for feet.
You regenerate a little health from kills.
You sometimes gain power by taking damage.
Your mind is acute. (Int +2)
Your muscles are strong. (Str +2)


Message History

The short sword of speed hits you.
* * * LOW HITPOINT WARNING * * *
The deep elf mage seems to regain its courage.
You hear a twanging sound.
An arrow appears from out of thin air!
The arrow hits you!
* * * LOW HITPOINT WARNING * * *
You focus on the pain.
You feel very mighty all of a sudden. The deep elf mage casts a spell at you.
The bolt of lightning misses you.
The bolt of lightning hits the war axe of freezing.
The war axe of freezing completely resists.
The short sword of speed hits you but does no damage.
You feel protected. The war axe of freezing hits you!
* * * LOW HITPOINT WARNING * * *
The short sword of speed barely misses you.
Something hits you!
You die...
Kikubaaqudgha rasps: "You have failed me!
Welcome... death!"

....<..## ##.#
........#
#####)#####
........#
##...#.#...##
....(...#
##...).#)....##
........#
#....)........#
........#
#..e.....)....#
........#
#)..)..).)....#
........#
##.....).)...##
.......##
#.#.)@.8....#.#
......##
##...((......##
..<..##
#....(.....)..#
######
#....(..).....#
#....(...)..*.#
##....(#.....##
##..)#o#...##
####'')####
#...#


You could see a deep elf mage, 3 dancing weapons, an orc wizard and a
battlesphere.

Vanquished Creatures
  Kirke (Elf:1)
  A deep elf annihilator (Elf:2)
  The ghost of letownia the Eclecticist, a journeyman FeWz of Gozag (Elf:2)
  Snorg (Orc:2)
  A minotaur (Lab)
  7 deep elf death magi (Elf:1)
  Erica (D:10)
  8 dancing weapons
  3 ogre magi
  A centaur warrior (D:12)
  An orc high priest (Elf:1)
  4 deep elf knights
  An unseen horror (D:12)
  2 deep trolls (Orc:1)
  3 wizards
  4 deep elf archers
  2 orc knights (Orc:2)
  2 ugly things
  34 deep elf magi
  An orc sorcerer (Orc:1)
  2 cyclopes (Orc:2)
  Psyche (D:8)
  Maurice (D:10)
  2 gargoyles
  10 trolls
  11 two-headed ogres
  2 polar bears (D:10)
  A hippogriff (D:9)
  2 dream sheep (D:10)
  2 redbacks (Lab)
  3 shadows
  An air elemental (Elf:1)
  A wraith (D:12)
  9 yaks
  Grum (D:9)
  4 fire elementals
  10 hungry ghosts
  A warg (Orc:2)
  A water moccasin (D:8)
  A soldier ant (D:11)
  4 porcupines
  3 sky beasts
  2 black bears
  6 ice beasts
  2 necrophages
  22 orc warriors
  32 ogres
  2 phantoms (D:9)
  7 wolves
  7 centaurs
  5 big kobolds
  10 bullfrogs
  2 water moccasin zombies (Ossuary)
  5 scorpions
  12 killer bees
  3 howler monkeys (D:8)
  3 crimson imps
  2 centaur zombies
  3 jellies
  3 bullfrog zombies
  12 hounds
  16 orc priests
  3 centaur skeletons
  A gnoll shaman (D:9)
  23 orc wizards
  2 bullfrog skeletons (D:6)
  Natasha (thrice) (D:2)
  4 iguanas
  7 worker ants
  A statue (D:5)
  3 big kobold zombies (Ossuary)
  An ogre skeleton (Lab)
  A hound skeleton (D:4)
  3 mummies
  A howler monkey zombie (D:10)
  A worker ant zombie (D:8)
  Robin (D:2)
  4 gnolls (D:9)
  9 adders
  7 shadow imps
  A worker ant simulacrum (D:10)
  An ooze (D:2)
  5 adder zombies (Ossuary)
  2 worms (D:2)
  4 leopard geckos
  91 orcs
  3 giant cockroaches
  4 gnoll zombies (Ossuary)
  13 hobgoblins
  17 jackals
  3 quokkas
  5 ball pythons
  3 bats (D:2)
  2 frilled lizards
  11 goblins
  6 hobgoblin zombies
  19 kobolds
  8 kobold zombies (Ossuary)
  A leopard gecko zombie (D:6)
  5 orc zombies
  A quokka zombie (D:6)
  9 rats
  2 plants (D:10)
599 creatures vanquished.

Vanquished Creatures (collateral kills)
  A deep elf death mage (Elf:1)
  A hydra (D:10)
  3 hill giants
  4 deep elf magi
  An orc sorcerer (Orc:2)
  A cyclops (Orc:1)
  6 trolls
  2 two-headed ogres
  A warg (Orc:2)
  3 orc warriors
  4 ogres
  A water moccasin skeleton (D:10)
  A scorpion (D:9)
  2 howler monkeys (D:9)
  2 jellies
  2 orc priests (Orc:1)
  3 orc wizards
  8 orcs
  A crawling corpse (Elf:1)
  2 plants (D:10)
49 creatures vanquished.

Vanquished Creatures (others)
  A deep elf knight (Elf:2)
  A small abomination (Elf:1)
  3 deep elf magi (Elf:1)
  7 humans (Elf:1)
  An orc wizard (D:9)
  A kobold (D:8)
  A crawling corpse (Elf:1)
  A plant (D:10)
16 creatures vanquished.

Grand Total: 664 creatures vanquished

Notes
Turn   | Place    | Note
-------+----------+-------------------------------------------
     0 | D:1      | Chifra the Demonspawn Gladiator began the quest for the Orb.
     0 | D:1      | Reached XP level 1. HP: 16/16 MP: 1/1
   366 | D:1      | Gained mutation: You have a pair of small horns on your head. [demonic ancestry]
   366 | D:1      | Reached XP level 2. HP: 22/22 MP: 2/2
   839 | D:2      | Reached skill level 1 in Unarmed Combat
   947 | D:2      | Reached XP level 3. HP: 20/28 MP: 3/3
  1038 | D:2      | Noticed Robin
  1064 | D:2      | Killed Robin
  1367 | D:2      | Noticed Natasha
  1391 | D:2      | Killed Natasha
  1391 | D:2      | Reached XP level 4. HP: 24/34 MP: 4/4
  1399 | D:2      | Reached skill level 3 in Fighting
  1630 | D:2      | Noticed Natasha
  1641 | D:2      | Gained mutation: You are occasionally teleported next to monsters. [potion of mutation]
  1641 | D:2      | Gained mutation: You passively map a small area around you. [potion of mutation]
  1641 | D:2      | Gained mutation: You are resistant to hostile enchantments. (MR+) [potion of mutation]
  1643 | D:2      | Killed Natasha
  2031 | D:2      | Noticed Natasha
  2051 | D:2      | Killed Natasha
  2051 | D:2      | Gained mutation: You have a pair of horns on your head. [demonic ancestry]
  2051 | D:2      | Reached XP level 5. HP: 25/41 MP: 5/5
  2516 | D:3      | Found a shattered altar of Ashenzari.
  2812 | D:3      | Reached skill level 4 in Fighting
  3109 | D:3      | Found a shadowy altar of Dithmenos.
  3479 | D:4      | Gained mutation: You have sharp toenails. [demonic ancestry]
  3479 | D:4      | Reached XP level 6. HP: 43/48 MP: 6/6
  3493 | D:4      | HP: 2/48 [orc priest/divine providence (10)]
  3582 | D:4      | Reached skill level 1 in Armour
  3663 | D:4      | Lost mutation: You passively map a small area around you. [potion of cure mutation]
  3663 | D:4      | Lost mutation: You are occasionally teleported next to monsters. [potion of cure mutation]
  3663 | D:4      | Lost mutation: You are resistant to hostile enchantments. (MR+) [potion of cure mutation]
  3669 | D:4      | Found a hazy altar of Hepliaklqana.
  3761 | D:4      | Got a faintly humming leather armour
  3769 | D:4      | Identified the cursed +0 leather armour of the Bard {rCorr MP+9 Int+3} (You found it on level 4 of the Dungeon)
  3860 | D:4      | Found a blossoming altar of Fedhas.
  4065 | D:4      | Reached skill level 5 in Fighting
  4065 | D:4      | Reached XP level 7. HP: 40/56 MP: 7/7
  4498 | D:5      | Entered Level 5 of the Dungeon
  4541 | D:5      | Found a staircase to the Ecumenical Temple.
  4550 | Temple   | Entered the Ecumenical Temple
  4617 | Temple   | Became a worshipper of Kikubaaqudgha
  4726 | D:5      | Found a sand-covered staircase.
  4733 | Ossuary  | Entered an ossuary
  4801 | Ossuary  | Reached skill level 5 in Dodging
  4915 | Ossuary  | Reached * piety under Kikubaaqudgha
  4915 | Ossuary  | Identified Kikubaaqudgha's Handbook of Evil (Kikubaaqudgha gifted it to you in an ossuary)
  4915 | Ossuary  | Received a gift from Kikubaaqudgha
  4927 | Ossuary  | Learned a level 1 spell: Animate Skeleton
  4930 | Ossuary  | Learned a level 2 spell: Corpse Rot
  4934 | Ossuary  | Learned a level 3 spell: Regeneration
  5295 | D:5      | Found a radiant altar of Vehumet.
  5604 | D:5      | Gained mutation: You have razor-sharp toenails. [demonic ancestry]
  5604 | D:5      | Reached XP level 8. HP: 56/64 MP: 8/8
  5968 | D:5      | Found a glowing silver altar of Zin.
  6393 | D:6      | Reached skill level 6 in Fighting
  6800 | D:6      | Reached ** piety under Kikubaaqudgha
  8216 | D:7      | Gained mutation: You sometimes gain a little power by taking damage. [demonic ancestry]
  8216 | D:7      | Reached XP level 9. HP: 67/71 MP: 9/9
  8379 | D:7      | Reached skill level 7 in Fighting
  8485 | D:8      | Noticed Psyche
  8761 | D:8      | Reached skill level 1 in Spellcasting
  8761 | D:8      | Reached skill level 1 in Necromancy
  9032 | D:8      | Reached skill level 5 in Unarmed Combat
  9390 | D:8      | Reached skill level 5 in Armour
 10157 | D:8      | Found a sparkling altar of Nemelex Xobeh.
 10185 | D:8      | Noticed a troll
 10223 | D:8      | Killed a troll
 10223 | D:8      | Reached *** piety under Kikubaaqudgha
 10223 | D:8      | Identified Kikubaaqudgha's Papyrus of Evil Rites (Kikubaaqudgha gifted it to you on level 8 of the Dungeon)
 10223 | D:8      | Received a gift from Kikubaaqudgha
 10422 | D:8      | Found a staircase to the Lair.
 10603 | D:8      | Reached skill level 8 in Fighting
 10603 | D:8      | Gained mutation: You sometimes gain power by taking damage. [demonic ancestry]
 10603 | D:8      | Reached XP level 10. HP: 55/80 MP: 14/14
 10622 | D:8      | Killed Psyche
 11146 | D:8      | Learned a level 5 spell: Agony
 11762 | D:9      | HP: 3/82 [yak (13)]
 12174 | D:9      | Found an iron altar of Okawaru.
 12418 | D:9      | Reached skill level 5 in Necromancy
 12424 | D:9      | Gained mutation: Your mind is acute. (Int +2) [potion of beneficial mutation]
 12454 | D:9      | Reached skill level 1 in Shields
 12598 | D:9      | Reached **** piety under Kikubaaqudgha
 12636 | D:9      | Found a staircase to the Orcish Mines.
 12693 | D:9      | Learned a level 5 spell: Dispel Undead
 13185 | Orc:1    | Entered Level 1 of the Orcish Mines
 13950 | Orc:1    | Reached skill level 1 in Charms
 13997 | Orc:1    | Reached XP level 11. HP: 63/87 MP: 17/17
 14297 | D:10     | Entered Level 10 of the Dungeon
 14421 | D:9      | Reached ***** piety under Kikubaaqudgha
 14605 | D:10     | Noticed Grum
 14744 | D:9      | Killed Grum
 14800 | D:9      | Gained mutation: Your muscles are strong. (Str +2) [potion of beneficial mutation]
 14878 | D:10     | Reached skill level 5 in Maces & Flails
 15497 | D:10     | Noticed Erica
 15515 | D:10     | Killed Erica
 15736 | D:10     | Noticed a two-headed hydra
 15750 | D:10     | Killed a two-headed hydra
 15859 | D:10     | Noticed a hill giant
 15868 | D:10     | Killed a hill giant
 15901 | D:10     | Reached skill level 9 in Fighting
 15917 | D:10     | Noticed Maurice
 15934 | D:10     | Killed Maurice
 16339 | D:11     | Reached skill level 5 in Spellcasting
 16343 | D:11     | Noticed a purple ugly thing
 16344 | D:11     | Found a labyrinth entrance.
 16361 | D:11     | Killed a purple ugly thing
 16361 | D:11     | Gained mutation: You have claws for feet. [demonic ancestry]
 16361 | D:11     | Reached XP level 12. HP: 45/95 MP: 19/19
 16504 | Lab      | Entered a labyrinth
 17136 | Lab      | Found an exit through the horrors of the Abyss.
 17632 | Lab      | Noticed a minotaur
 17644 | Lab      | Killed a minotaur
 17646 | Lab      | Got a faintly glowing iron ring
 17674 | Lab      | Identified the ring of Joy {rCorr rPois rF++ Int-4 Stlth+} (You took it off a minotaur in a labyrinth)
 17721 | Lab      | Identified a +6 rod of inaccuracy (10/12) (You took it off a minotaur in a labyrinth)
 18376 | D:11     | Noticed an ogre mage
 18400 | D:11     | Killed an ogre mage
 18400 | D:11     | Reached skill level 10 in Fighting
 18533 | D:11     | Reached ****** piety under Kikubaaqudgha
 18709 | D:12     | Identified a scroll of acquirement
 19164 | D:12     | Noticed a centaur warrior
 19174 | D:12     | Killed a centaur warrior
 19273 | D:12     | Got a crude iron amulet
 19276 | D:12     | Identified the amulet "Yvafru" {Inacc Str+4} (You found it on level 12 of the Dungeon)
 19683 | Orc:2    | Entered Level 2 of the Orcish Mines
 19683 | Orc:2    | Found a staircase to the Elven Halls.
 19683 | Orc:2    | Noticed an ogre mage
 19690 | Orc:2    | Noticed an ogre mage
 19729 | Orc:1    | Killed an ogre mage
 19847 | Orc:1    | Gained mutation: You regenerate a little health from kills. [demonic ancestry]
 19847 | Orc:1    | Reached XP level 13. HP: 36/104 MP: 17/20
 20173 | Orc:2    | Reached skill level 11 in Fighting
 20175 | Orc:2    | Reached skill level 10 in Dodging
 20185 | Orc:2    | Found Wuphos's Jewellery Shoppe.
 20188 | Orc:2    | Found Kiwakhlalyt's Food Emporium.
 20206 | Orc:2    | Found Golu's Food Shop.
 20207 | Orc:2    | Found Fuva's Food Shoppe.
 20226 | Orc:2    | Noticed Snorg
 20247 | Orc:2    | Killed Snorg
 20627 | Orc:2    | Reached skill level 10 in Maces & Flails
 21035 | Orc:2    | Bought the ring of Camaobo {rElec rC+ rN+ MR+ Int+3} for 847 gold pieces
 21037 | Orc:2    | Bought the macabre finger necklace {rN+} for 280 gold pieces
 21053 | Elf:1    | Entered Level 1 of the Elven Halls
 21260 | Elf:1    | Identified the Incunabulum of Combed Thunderclap
 21266 | Elf:1    | Learned a level 2 spell: Repel Missiles
 21272 | Elf:1    | Identified the Catalogue of Axaxaxas mlö
 21322 | Elf:1    | Identified Ts'ui Pên's Incunabulum of Forking Paths
 21406 | Elf:1    | Noticed a deep elf death mage
 21416 | Elf:1    | Noticed a deep elf death mage
 21433 | Elf:1    | Killed a deep elf death mage
 21435 | Elf:1    | Noticed a deep elf death mage
 21439 | Elf:1    | Killed a ghostly deep elf death mage
 21439 | Elf:1    | Reached skill level 10 in Necromancy
 21440 | Elf:1    | Noticed a deep elf death mage
 21448 | Elf:1    | Noticed a deep elf death mage
 21456 | Elf:1    | Killed a deep elf death mage
 21475 | Elf:1    | Got a shimmering golden ring
 21476 | Elf:1    | Identified the ring "Tubbot" {rC+ Str+2} (You took it off a deep elf mage on level 1 of the Elven Halls)
 21495 | Elf:1    | Noticed a deep elf death mage
 21513 | Elf:1    | Killed a deep elf death mage
 21620 | Elf:1    | Noticed Kirke
 21637 | Elf:1    | Killed Kirke
 21641 | Elf:1    | Gained mutation: You have sharp fingernails. [demonic ancestry]
 21641 | Elf:1    | Reached XP level 14. HP: 93/114 MP: 19/21
 21843 | Elf:1    | Reached skill level 12 in Fighting
 22235 | Elf:1    | Learned a level 5 spell: Excruciating Wounds
 23279 | Elf:2    | Found Optoum's Antique Armour Shop.
 23299 | Elf:2    | Bought a glowing buckler for 241 gold pieces
 23772 | Elf:2    | Noticed letownia's ghost (journeyman FeWz)
 23791 | Elf:2    | Killed letownia's ghost
 23799 | Elf:2    | Found a runed gate.
 23799 | Elf:2    | Found a runed gate.
 23799 | Elf:2    | Found a runed gate.
 24291 | Elf:2    | Got a shimmering quarterstaff
 24292 | Elf:2    | Identified the +5 quarterstaff of Waetut {chaos, rF+} (You found it on level 2 of the Elven Halls)
 24448 | Elf:2    | Slain by a deep elf knight

Skill      XL: |  1  2  3  4  5  6  7  8  9 10 11 12 13 14 |
---------------+-------------------------------------------+-----
Dodging        | 3 4 5 6 7 8 9 10 11 | 11.5
Unarmed Combat | 1 2 3 4 5 |  5.0
Fighting       | 3 4 5 6 8 9 10 11 12 | 12.6
Armour         | 2 3 4 5 6 |  6.8
Spellcasting   | 2 4 5 6 |  6.0
Necromancy     | 3 5 6 8 10 11 | 11.4
Maces & Flails | 3 8 9 10 11 | 11.4
Shields        | 4 |  4.0
Charms         | 1 2 3 |  3.5
Throwing       | |  1.7

Action                   |  1- 3 |  4- 6 |  7- 9 | 10-12 | 13-15 || total
-------------------------+-------+-------+-------+-------+-------++-------
Melee: Flail             |    83 |       |       |       |       ||    83
       Headbutt          |    13 |    35 |   107 |   258 |   159 ||   572
       Mace              |    12 |   178 |       |       |       ||   190
       Morningstar       |       |    20 |   563 |  1201 |   703 ||  2487
       Punch             |       |       |     8 |     8 |       ||    16
       Kick              |       |       |       |   110 |   252 ||   362
Throw: Throwing net      |       |       |       |     1 |       ||     1
 Cast: Animate Skeleton  |       |       |       |    67 |    60 ||   127
       Regeneration      |       |       |       |     3 |    47 ||    50
       Repel Missiles    |       |       |       |       |     7 ||     7
       Dispel Undead     |       |       |       |       |     2 ||     2
  Use: Scroll            |     5 |     8 |    13 |    13 |     6 ||    45
       Potion            |     1 |     5 |     3 |     9 |     6 ||    24
 Stab: Distracted        |       |       |       |     4 |     3 ||     7
       Sleeping          |       |       |       |     1 |       ||     1
       Invisible         |       |       |       |       |     5 ||     5
  Eat: Chunk             |     1 |     9 |    11 |    10 |    15 ||    46
       Pizza             |       |       |     2 |     2 |       ||     4
       Fruit             |       |       |     2 |     2 |     2 ||     6
       Meat ration       |       |       |     1 |     8 |     1 ||    10
       Beef jerky        |       |       |     1 |     1 |     1 ||     3
Armor: Leather armour    |    22 |    34 |       |       |       ||    56
       Ring mail         |       |    51 |   286 |   590 |   309 ||  1236
Dodge: Dodged            |    50 |   125 |   453 |   891 |   549 ||  2068
       Deflected         |       |       |       |       |    14 ||    14
Block: Other             |    20 |    34 |   112 |    33 |       ||   199
       Reflection        |       |       |     4 |    20 |     8 ||    32
       Buckler           |       |       |       |   586 |   264 ||   850
